[Event "*** Titled Tuesday Blitz"]
[Site "Chess.com"]
[Date "2018.10.02"]
[Round "1"]
[White "Vuk2000"]
[Black "MFBerna"]
[Result "1-0"]
[WhiteElo "2724"]
[BlackElo "2399"]
[TimeControl "180+2"]
[EndTime "13:09:36 PDT"]
[Termination "Vuk2000 won by resignation"]

1. e4 c5 2. g3 Nc6 3. Bg2 g6 4. Ne2 Bg7 5. c3 e5 6. O-O d6 7. d3 Nge7 8. f4 O-O 9. Be3 f5 10. Nd2 Be6 11. fxe5 Nxe5 12. d4 Ng4 13. Bf4 fxe4 14. Nxe4 Nf5 15. dxc5 Nfe3 16. Bxe3 Nxe3 17. Rxf8+ Bxf8 18. Qd4 Nc2 19. Qf6 Bc4 20. Qxd8 Rxd8 21. Rc1 Ne3 22. Nf4 Nxg2 23. Kxg2 dxc5 24. b3 Bf7 25.
Re1 Bh6 26. c4 Bg7 27. Re2 b6 28. Ng5 Be8 29. Nge6 Bc6+ 30. Kf2 Re8 31. Rd2 Bf6 32.
Nc7 Rd8 33. Rxd8+ Bxd8 34. Ncd5 Kf7 35. Kf3 g5 36. Nd3 Ke6 37. Ke4 Bf6 38. Nf2 h5 39. g4 Bd4 40. Nh3 hxg4 41. Nxg5+ Kd6 42. Nf7+ Kd7 43. Ne5+ Kd6 44. Nxg4 b5 45. Ne3 Bxe3 46. Kxe3 b4 47. Ke4 Be8 48. Nf4 Bc6+ 49. Kf5 a5 50. h4 Bd7+ 51. Kf6 Bc6 52. h5 Be4 53. h6 Bh7 54. Kg7 1-0

[Event "*** Titled Tuesday Blitz"]
[Site "Chess.com"]
[Date "2018.10.02"]
[Round "1"]
[White "Sychev_Klementy"]
[Black "Bauxi435"]
[Result "1-0"]
[WhiteElo "2814"]
[BlackElo "2435"]
[TimeControl "180+2"]
[EndTime "13:09:38 PDT"]
[Termination "Sychev_Klementy won by resignation"]

1. e4 c5 2. Nf3 e6 3. d4 cxd4 4. Nxd4 Nf6 5. Nc3 Nc6 6. Ndb5 Bc5 7. Nd6+ Ke7 8. Bf4 e5 9. Nf5+ Kf8 10. Bg5 Bb4 11.
Bc4 d5 12. Bxf6 Qxf6 13. Bxd5 Bxf5 14. exf5 Rd8 15. O-O Bxc3 16. bxc3 Ne7 17. c4 Qxf5 18. Qd2 b6 19. a4 e4 20. Rfd1 Qe5 21. Qb4 h5 22.
Bxe4 Rxd1+ 23. Rxd1 Ke8 24. Qd2 Qc7 25. Qg5 Qxc4 26. Qxg7 Rg8 27. Qe5 f6 28. Qf4 f5 29.
Qf3 Qxe4 30. Qxh5+ Rg6 31. Qh8+ Kf7 32. Qh7+ Kf6 33. g3 Qc6 34. Re1 Nd5 35. Qh8+ Kf7 36. Re5 Ne7 37. Qh7+ Rg7 38. Rxe7+ Kxe7 39. Qxg7+ Kd8 40.
Qf8+ Kc7 41. Qe7+ Kb8 42. Qe5+ Kb7 43. Qxf5 Qxa4 44. h4 Qd4 45. h5 a5 46. h6 a4 47.
h7 Qg7 48. Qe4+ Ka7 49. Qxa4+ Kb7 50. Qe4+ Kc7 51. Qh4 Qh8 52. Kh2 Kd6 53. Kg2 b5 54. Qf4+ Kc5 55. Qg5+ Kc4 56. Qg8+ 1-0

[Event "*** Titled Tuesday Blitz"]
[Site "Chess.com"]
[Date "2018.10.02"]
[Round "1"]
[White "NemtsevIgor"]
[Black "severomorskij"]
[Result "0-1"]
[WhiteElo "2378"]
[BlackElo "2704"]
[TimeControl "180+2"]
[EndTime "13:09:44 PDT"]
[Termination "severomorskij won by resignation"]

1. d4 Nf6 2. Nc3 d5 3. e4 dxe4 4. Be3 Bf5 5. f3 e6 6. a3 Be7 7. g4 Bg6 8. h4 Nd5 9. Nxd5 Bxh4+ 10. Rxh4 Qxh4+ 11. Bf2 Qd8 12. Nc3 exf3 13. Nxf3 c6 14. Bd3 Nd7 15. Qe2 Qc7 16. O-O-O Qf4+ 17. Be3 Bxd3 18.
Rxd3 Qxg4 19. Qf2 h5 20. Rd1 O-O-O 21. Rg1 Qf5 22. Rxg7 Rdg8 23. Qg3 Rxg7 24. Qxg7 Qf6 25. Qg3 h4 26. Qh3 Qf5 27. Qxf5 exf5 28. Bf4 h3 29. Ne2 Nf6 30. Kd2 Ng4 31. Nh2 Rg8 32. Nf3 Rh8 33. Nh2 Nxh2 34. Bxh2 Kd7 35. Nf4 Ke7 36. Ke3 Kf6 37.
Kf3 Kg5 38. Kg3 Kf6 39. Nxh3 Re8 40. Kf3 Ke6 41. Ng5+ Kf6 42. Nh3 Ke6 43. Bf4 f6 44.
Nf2 Rh8 45. c4 Rh7 46. b4 a6 47. Ke3 b5 48. cxb5 axb5 49. Nd3 Ra7 50. Bd6 Kxd6 51. Kf4 Rxa3 52. Nc5 Ra4 53. Kxf5 Rxb4 54. Kxf6 Rxd4 55. Nb7+ Kd5 0-1

[Event "*** Titled Tuesday Blitz"]
[Site "Chess.com"]
[Date "2018.10.02"]
[Round "1"]
[White "335394862"]
[Black "PulpanJ"]
[Result "1-0"]
[WhiteElo "2333"]
[BlackElo "2599"]
[TimeControl "180+2"]
[EndTime "13:09:45 PDT"]
[Termination "335394862 won on time"]

1. e4 c5 2. Nf3 d6 3. Bb5+ Bd7 4. Bxd7+ Nxd7 5. c4 Ngf6 6. Nc3 g6 7. d4 cxd4 8. Nxd4 Bg7 9. Be3 O-O 10. O-O Qa5 11. f3 Rfc8 12. Qe2 a6 13. Rac1 Ne5 14. b3 Nc6 15. Rfd1 Qh5 16. Na4 Nd7 17. Nxc6 Rxc6 18. Rd5 e5 19. Rcd1 Bf8 20. Nc3 b5 21. Nb1 bxc4 22.
bxc4 Nb6 23. Bxb6 Rxb6 24. Nc3 Rc6 25. Ra5 Rac8 26. Nd5 Qg5 27. c5 Rxc5 28. Rxc5 Rxc5 29. Qxa6 Rc2 30. Qf1 Rxa2 31. Rb1 Qd2 32. Rd1 Qb2 33. Kh1 h5 34. Rb1 Qf2 35. Qxf2 Rxf2 36. Kg1 Ra2 37. Rb8 Kg7 38. h4 Ra7 39. Kh2 Be7 40. Kh3 Bf8 41.
Kg3 Rd7 42. Kh3 f5 43. Nb6 Rf7 44. Kg3 fxe4 45. fxe4 Rf4 46. Nd5 Rf7 47. Re8 Kh6 48. Re6 Rd7 49. Nf6 Kg7 50. Nxd7 Kf7 51. Nxf8 1-0

[Event "*** Titled Tuesday Blitz"]
[Site "Chess.com"]
[Date "2018.10.02"]
[Round "1"]
[White "BilodeauA"]
[Black "Kouzari"]
[Result "1-0"]
[WhiteElo "2892"]
[BlackElo "2470"]
[TimeControl "180+2"]
[EndTime "13:09:48 PDT"]
[Termination "BilodeauA won by resignation"]

1. e4 e6 2. d4 d5 3. Nd2 c5 4. exd5 Qxd5 5. dxc5 Bxc5 6. Ngf3 Nf6 7. Bd3 Nc6 8. O-O O-O 9. Qe2 Nb4 10. Bc4 Qh5 11. c3 Nbd5 12. Ne4 Nxe4 13. Qxe4 Nf6 14.
Qe2 Bd7 15. Ne5 Qxe2 16. Bxe2 Bc6 17. Nxc6 bxc6 18. Bf3 Rac8 19. Rd1 e5 20. Kf1 e4 21. Be2 Nd5 22. a3 f5 23. c4 Nf6 24. b4 Be7 25. Bf4 Rfd8 26. Rxd8+ Rxd8 27. Rd1 Rxd1+ 28. Bxd1 Kf7 29.
Be3 c5 30. bxc5 Ke6 31. Ba4 Bd8 32. c6 a5 33. Bf4 Ne8 34. Bb3 Bc7 35. c5+ Ke7 36.
Bd2 Nf6 37. Bc3 g6 38. h3 h5 39. Ke2 h4 40. Bd2 f4 41. a4 g5 42. Bc3 g4 43.
f3 exf3+ 44. gxf3 gxh3 45. Kf2 Nh5 46. Kg1 Ng3 47. Kh2 Ne2 48. Bb2 Ng3 49. Kxh3 Nf5 50.
Kg4 Ne3+ 51. Kxh4 Ng2+ 52. Kg5 Ne1 53. Bf6+ Ke8 54. Bd5 Nc2 55. Be4 Ne3 56. Bg6+ Kf8 57.
Bh5 Nd5 58. Kf5 Nc3 59. Bxc3 1-0

[Event "*** Titled Tuesday Blitz"]
[Site "Chess.com"]
[Date "2018.10.02"]
[Round "1"]
[White "farzadbfd"]
[Black "cool4chess"]
[Result "1-0"]
[WhiteElo "2542"]
[BlackElo "2128"]
[TimeControl "180+2"]
[EndTime "13:09:49 PDT"]
[Termination "farzadbfd won by resignation"]

1. e4 c5 2. Nc3 Nc6 3. g3 g6 4. Bg2 Bg7 5. d3 d6 6. Be3 Rb8 7. Qd2 b5 8. Nd1 Nd4 9. c3 Nc6 10. Ne2 b4 11. O-O e6 12. d4 cxd4 13. Nxd4 Nge7 14.
a3 bxc3 15. Nxc3 O-O 16. Nxc6 Nxc6 17. Bh6 Ne5 18. Bxg7 Kxg7 19. Rfd1 Ba6 20. Qxd6 Qxd6 21. Rxd6 Bc4 22. f4 Nd3 23. b4 Rfd8 24. Rxd8 Rxd8 25.
Rd1 Rb8 26. Bf1 Nb2 27. Rd4 Rc8 28. Nb5 Bxf1 29. Kxf1 a6 30. Nd6 Rc3 31. e5 Rxa3 32. Ne8+ Kf8 33. Nf6 Rd3 34. Re4 Kg7 35. Ke2 Rd8 36.
h4 Na4 37. Rc4 Rb8 38. g4 Nb6 39. Rd4 Nd5 40. Nxd5 exd5 41. Kd3 Rb5 42. Ke3 a5 43. bxa5 Rxa5 44. f5 gxf5 45. gxf5 Kf8 46. Kf4 Kg7 47. h5 Rc5 48. f6+ Kh6 49. Kf5 Ra5 50. Rd1 Ra2 51. Rf1 Re2 52. Rf4 Re1 53. Rf2 Rh1 54. e6 fxe6+ 55.
Kxe6 Re1+ 56. Kd7 Ra1 57. f7 Ra7+ 58. Ke6 Ra6+ 59. Kxd5 Ra5+ 60. Ke4 Ra4+ 61. Ke3 Ra3+ 62. Kd4 Ra4+ 63. Kc5 Ra5+ 64. Kb4 Ra7 65. f8=Q+ 1-0

[Event "*** Titled Tuesday Blitz"]
[Site "Chess.com"]
[Date "2018.10.02"]
[Round "1"]
[White "dretch"]
[Black "matiss90"]
[Result "1-0"]
[WhiteElo "2789"]
[BlackElo "2427"]
[TimeControl "180+2"]
[EndTime "13:09:55 PDT"]
[Termination "dretch won by resignation"]

1. d4 Nf6 2. c4 g6 3. Nc3 Bg7 4. e4 O-O 5. Nf3 d6 6. h3 Na6 7. Bg5 h6 8. Be3 e5 9. Bd3 exd4 10. Nxd4 Nc5 11. O-O Re8 12. f3 Nxd3 13. Qxd3 Be6 14. b3 Nd7 15. Qd2 Kh7 16. f4 Nf6 17. f5 Bd7 18. Rf3 g5 19. Raf1 c5 20. Nde2 Bc6 21. Ng3 Qe7 22. Nd5 Bxd5 23. exd5 Qd7 24. Qd3 a6 25. Bd2 b5 26. Bc3 bxc4 27. bxc4 Rab8 28. Qd1 Kg8 29. Qa1 Qd8 30. Kh1 a5 31. Qd1 Ne4 32.
f6 Nxc3 33. Rxc3 Bf8 34. h4 Re5 35. Qh5 Rb2 36. Nf5 Qxf6 37. Rcf3 Qg6 38. Qg4 h5 39. Qxg5 Qxg5 40. hxg5 Rxa2 41. Nh4 Re4 42. Ng6 Bg7 43. Rxf7 Ree2 44. Ne7+ Kh7 45. R1f6 Re1+ 46. Kh2 Rxe7 47. Rxe7 Kg8 48. Rg6 Kf8 49. Rgxg7 a4 50. Ra7 a3 51. Rgb7 Rb2 52. Rxb2 axb2 53. Rb7 h4 54. Rxb2 Kf7 55. Kh3 Kg6 56. Kxh4 Kf5 57. Kh5 Ke5 58. g6 Kd4 59. g7 Kc3 60. g8=Q Kxb2 61. Qe6 Kb3 62.
Qxd6 1-0

[Event "*** Titled Tuesday Blitz"]
[Site "Chess.com"]
[Date "2018.10.02"]
[Round "1"]
[White "Aklanion"]
[Black "FancyPlaySyndrome"]
[Result "1/2-1/2"]
[WhiteElo "2145"]
[BlackElo "2534"]
[TimeControl "180+2"]
[EndTime "13:09:58 PDT"]
[Termination "Game drawn by stalemate"]

1. d4 g6 2. Nf3 Bg7 3. g3 d6 4. Bg2 Nf6 5. O-O O-O 6. c4 Nc6 7. Nc3 Bf5 8. b3 Ne4 9. Bb2 Nxc3 10. Bxc3 Be4 11. Qd2 d5 12. c5 Re8 13. b4 e5 14.
Nxe5 Nxe5 15. dxe5 Bxg2 16. Kxg2 Bxe5 17. Bxe5 Rxe5 18. e3 c6 19. a4 Qe7 20. Rfc1 h5 21.
h4 Rd8 22. b5 Re4 23. bxc6 bxc6 24. Qa5 d4 25. exd4 Rdxd4 26. Re1 Rd5 27. Kg1 Rde5 28. Rxe4 Rxe4 29. Rd1 Rc4 30. Qd8+ Qxd8 31. Rxd8+ Kg7 32. Rc8 Rxc5 33. Rc7 a5 34. Ra7 Kf6 35. Kg2 Ke6 36. Kf3 f6 37. Rg7 g5 38. hxg5 fxg5 39.
Rh7 g4+ 40. Ke3 Rf5 41. Ra7 Kd6 42. Ra6 Re5+ 43. Kf4 Rc5 44. Ke3 Kd5 45. Ra8 Kc4 46. Rb8 Kc3 47. Rb1 Re5+ 48. Kf4 Re6 49. Kg5 c5 50.
Kxh5 c4 51. Kxg4 Rc6 52. Kf5 Kc2 53. Rh1 Kb3 54. g4 c3 55. g5 c2 56. g6 c1=Q 57.
Rxc1 Rxc1 58. g7 Rg1 59. Kf6 Kxa4 60. f4 Kb5 61. f5 a4 62. Kf7 a3 63. g8=Q Rxg8 64.
Kxg8 a2 65. f6 a1=Q 66. f7 Qg1+ 67. Kh8 Qd4+ 68. Kg8 Qg4+ 69. Kh8 Qh5+ 70. Kg8 Qg6+ 71. Kh8 Qxf7 1/2-1/2

[Event "*** Titled Tuesday Blitz"]
[Site "Chess.com"]
[Date "2018.10.02"]
[Round "1"]
[White "xamax2000"]
[Black "Margency"]
[Result "1-0"]
[WhiteElo "2428"]
[BlackElo "2658"]
[TimeControl "180+2"]
[EndTime "13:10:00 PDT"]
[Termination "xamax2000 won by resignation"]

1. e4 e5 2. Nf3 Nc6 3. Bb5 a6 4. Ba4 Nf6 5. O-O Nxe4 6. Re1 Nc5 7. Bxc6 dxc6 8. Nxe5 Be7 9. d4 Ne6 10. Qh5 O-O 11. Be3 f6 12. Nf3 Qd5 13. Qh4 Qf5 14. Na3 Bxa3 15. bxa3 Qxc2 16. Qg3 Bd7 17. Bf4 Rac8 18.
Re3 Qf5 19. Bh6 Qg6 20. Bf4 Rfe8 21. Rae1 Qxg3 22. Bxg3 Kf7 23. Rb3 b6 24. Rd3 g5 25.
Red1 h5 26. h4 g4 27. Nd2 Ng7 28. Nc4 Nf5 29. Rc3 Be6 30. Ne3 Nxe3 31. fxe3 Bd5 32. Kf2 Re7 33. Bf4 Rce8 34. Rd2 a5 35. Rb2 Kg6 36. Rd2 Kf5 37. Rb2 Re4 38. g3 R8e7 39.
Rd2 R4e6 40. Rb2 Rd7 41. Ke2 Ree7 42. Rbc2 Be4 43. Rb2 Bf3+ 44. Kd2 Ke4 45. Rxc6 Kf5 46. Rb5+ Kg6 47. Rc3 Bd5 48. Rb2 Be4 49. Ke2 Kf5 50. Kf2 Ke6 51. Rb5 Bd5 52. Ke2 Bxa2 53. Rxh5 Bd5 54. Rh6 Kf5 55. h5 b5 56. Kd3 b4 57.
axb4 axb4 58. Rc5 c6 59. Rh8 Rb7 60. Rb8 b3 61. e4+ Ke6 62. exd5+ cxd5 63. Rc6+ Kf7 64. Rxb7 Rxb7 65. Rc7+ Rxc7 66. Bxc7 Ke6 67. Bf4 Kf5 68. h6 Kg6 69. Kc3 b2 70. Kxb2 1-0

[Event "*** Titled Tuesday Blitz"]
[Site "Chess.com"]
[Date "2018.10.02"]
[Round "1"]
[White "AkibaRubi"]
[Black "Eliwood44"]
[Result "0-1"]
[WhiteElo "2528"]
[BlackElo "2197"]
[TimeControl "180+2"]
[EndTime "13:10:04 PDT"]
[Termination "Eliwood44 won by checkmate"]

1. e4 e5 2. Nf3 Nc6 3. Bb5 a6 4. Ba4 Nf6 5. O-O b5 6. Bb3 Be7 7. Re1 O-O 8. c3 d6 9. d3 Nb8 10. Nbd2 Nbd7 11. Nf1 Re8 12. Ng3 Nc5 13. Bc2 Bf8 14.
h3 Bb7 15. Be3 Ncd7 16. Qd2 c5 17. Nf5 d5 18. exd5 Bxd5 19. Qe2 Be6 20. Ng3 Qc7 21. Ng5 Bd5 22. N5e4 Nxe4 23. dxe4 Bc4 24. Bd3 Bxd3 25. Qxd3 g6 26. Rad1 Rad8 27. Qc2 c4 28. Ne2 Nc5 29.
Nc1 Rxd1 30. Rxd1 Rd8 31. f3 f6 32. Rxd8 Qxd8 33. Qd2 Qxd2 34. Bxd2 Na4 35. b3 Bc5+ 36. Kf1 Nb6 37. b4 Be7 38. Ne2 Kf7 39. Be3 Na4 40. Ke1 Ke6 41. Kd2 Nb2 42. Nc1 Bd8 43. Kc2 Na4 44.
a3 Bb6 45. Bxb6 Nxb6 46. Kd2 f5 47. Ne2 g5 48. exf5+ Kxf5 49. Ng3+ Kf4 50. Ne4 Nd5 51. Nc5 Kg3 52. Nxa6 Kxg2 53. Nc5 Kxf3 54. Ne6 h6 55. Ng7 e4 56. Nf5 e3+ 57. Kd1 Kf2 58. Nd4 Nxc3+ 59. Kc2 e2 60. Nxe2 Nxe2 61. Kb2 Nd4 62.
Kc3 Nc6 63. a4 bxa4 64. Kxc4 Nxb4 65. Kxb4 Kg3 66. Kxa4 Kxh3 67. Kb4 Kh2 68. Kc3 g4 69. Kd3 g3 70. Ke3 g2 71. Kf3 g1=Q 72. Kf4 h5 73. Kf5 h4 74. Kf6 h3 75. Kf7 Qg3 76.
Ke6 Kg2 77. Kf5 h2 78. Kf6 Kf3 79. Ke6 Qg5 80. Kd6 h1=Q 81. Kc6 Qhh6+ 82. Kb7 Qgg7+ 83. Ka8 Qhh8# 0-1

[Event "*** Titled Tuesday Blitz"]
[Site "Chess.com"]
[Date "2018.10.02"]
[Round "1"]
[White "017290"]
[Black "JSPrepz"]
[Result "1-0"]
[WhiteElo "2623"]
[BlackElo "2531"]
[TimeControl "180+2"]
[EndTime "13:10:19 PDT"]
[Termination "017290 won by checkmate"]

1. e4 e5 2. Nf3 Nc6 3. d4 exd4 4. Bc4 Nf6 5. O-O Nxe4 6. Re1 d5 7. Bxd5 Qxd5 8.
Nc3 Qh5 9. Nxe4 Be6 10. Bg5 h6 11. Bf6 Qg6 12. Bxd4 O-O-O 13. c3 Bd5 14. Ng3 Nxd4 15. cxd4 h5 16. Rc1 h4 17. Ne5 Qh7 18. Nf1 f6 19.
Qg4+ f5 20. Qf4 g5 21. Qd2 Bd6 22. Qa5 Bxe5 23. Rxe5 h3 24. Rxd5 hxg2 25. Kxg2 f4 26. Rxc7+ Qxc7 27. Rc5 Qxc5 28. Qxc5+ Kb8 29. Nd2 Ka8 30.
Ne4 g4 31. Nf6 f3+ 32. Kg3 Rh3+ 33. Kxg4 Rxh2 34. Kxf3 Rh6 35. Nd5 Rh3+ 36. Ke2 Re8+ 37. Kd2 Rd8 38. Nc7+ Kb8 39. Qe5 Kc8 40. Nb5 Rh7 41.
Nxa7+ Kd7 42. Nb5 Re7 43. Qf5+ Ke8 44. Kc3 b6 45. Qg6+ Kf8 46. Qf6+ Ke8 47. Qc6+ Kf8 48. d5 Rf7 49. Qxb6 Rxd5 50. Qb8+ Kg7 51. Qg3+ Kf8 52.
Nd6 Rc7+ 53. Kb4 Rd4+ 54. Kb5 Rd5+ 55. Kb6 Rdc5 56. Qf3+ Kg8 57. b4 Rc2 58. a4 Rd7 59. Qg4+ Kh8 60. Qh5+ Kg7 61. Qg5+ Kh8 62. Qf6+ Kh7 63.
Qf5+ Kh6 64. Qxc2 Kg7 65. Qc6 Re7 66. Nf5+ Kh8 67. Nxe7 Kh7 68. Qg6+ Kh8 69. Qg8# 1-0

[Event "*** Titled Tuesday Blitz"]
[Site "Chess.com"]
[Date "2018.10.02"]
[Round "1"]
[White "akretchetov"]
[Black "TrimitziosP7"]
[Result "1-0"]
[WhiteElo "2283"]
[BlackElo "2564"]
[TimeControl "180+2"]
[EndTime "13:10:34 PDT"]
[Termination "akretchetov won by checkmate"]

1. d4 Nf6 2. c4 g6 3. Nc3 Bg7 4. e4 d6 5. Nf3 O-O 6. h3 e5 7. d5 a5 8. g4 Na6 9. Be3 b6 10. Rg1 Nc5 11. Nd2 Kh8 12. Qc2 Ng8 13. Be2 Ne7 14. O-O-O f5 15. f3 f4 16. Bf2 Bd7 17. h4 h6 18. b3 Qe8 19. Kb1 Kg8 20.
Ka1 Na6 21. a3 Nc5 22. Kb2 Kf7 23. Ra1 Kg8 24. Rgb1 Bf6 25. Qd1 g5 26. h5 Kg7 27.
Qc2 Qf7 28. Kc1 Rfb8 29. Kd1 Ng8 30. Ke1 Be7 31. b4 Nb7 32. Nb5 Bd8 33. c5 bxc5 34.
bxc5 Nxc5 35. Bxc5 dxc5 36. Qxc5 Bxb5 37. Bxb5 Be7 38.
Qc3 Bd6 39. Bc6 Rxb1+ 40. Rxb1 Rd8 41. Nc4 Qe7 42. Rb7 Nf6 43. Qxa5 Rc8 44. Nxd6 Qxd6 45. Qb4 Qd8 46. a4 Ne8 47. Bxe8 Qxe8 48. Qc3 Qxa4 49.
Rxc7+ Rxc7 50. Qxc7+ Kg8 51. Qd8+ Kf7 52. Qc7+ Kg8 53.
Qb8+ Kf7 54. Qb7+ Kg8 55. Qb2 Qa5+ 56. Ke2 Qa6+ 57. Kd2 Qa7 58. Qxe5 Qe3+ 59. Kc2 Qe2+ 60. Kb3 Qxf3+ 61. Kc4 Qe2+ 62. Kc5 Qc2+ 63. Kd6 Qa2 64. Qe8+ Kg7 65. Qg6+ Kf8 66. Qxh6+ Ke8 67. Qg6+ Kf8 68.
Qf6+ Ke8 69. Qe7# 1-0

[Event "*** Titled Tuesday Blitz"]
[Site "Chess.com"]
[Date "2018.10.02"]
[Round "1"]
[White "nOcHeaTiNgKiD"]
[Black "SantoBlue"]
[Result "0-1"]
[WhiteElo "2440"]
[BlackElo "2817"]
[TimeControl "180+2"]
[EndTime "13:10:35 PDT"]
[Termination "SantoBlue won by resignation"]

1. Nf3 Nf6 2. c4 e6 3. d4 b6 4. Bf4 Bb7 5. e3 Be7 6. h3 O-O 7. Nc3 d5 8. Rc1 c5 9. a3 cxd4 10. Nxd4 dxc4 11. Bxc4 Nbd7 12. Nf3 Rc8 13. Be2 Nc5 14.
O-O Nd5 15. Nxd5 Bxd5 16. Be5 Bf6 17. Bxf6 Qxf6 18. Qd4 Nb3 19. Qxf6 gxf6 20. Rxc8 Rxc8 21. Bd3 Bc4 22. Rd1 Bxd3 23. Rxd3 Rc1+ 24. Kh2 Nc5 25. Rd8+ Kg7 26. Rc8 Rf1 27. Rc7 Rxf2 28. b4 Ne4 29. Nd4 e5 30. Nf3 a5 31. bxa5 bxa5 32. Ra7 Re2 33. Nh4 Nd6 34. Rxa5 Nc4 35. Ra7 Nxe3 36. Kg3 Rb2 37. Kf3 Rb3 38. Ke4 h5 39. a4 Ra3 40.
a5 Nc4 41. Nf5+ Kg6 42. Ne7+ Kg5 43. a6 Nd6+ 44. Kd5 Nb5 45. Rb7 Nc3+ 46. Kc4 Ne4 47. Kd5 Nc3+ 48. Kc4 Ne4 49. Kd5 f5 50. a7 Kf4 51. Kc6 Nf2 52. Nd5+ Kg3 53. Nb6 Kxg2 54. a8=Q Rxa8 55. Nxa8 f4 56. Rxf7 Nxh3 57. Kb6 e4 58. Kc5 e3 59. Nb6 e2 60. Re7 Kf1 61. Kd4 f3 62.
Nc4 e1=Q 63. Rxe1+ Kxe1 64. Ke3 f2 65. Nd2 Ng1 0-1

[Event "*** Titled Tuesday Blitz"]
[Site "Chess.com"]
[Date "2018.10.02"]
[Round "1"]
[White "RiskyDecision"]
[Black "petrpalachev"]
[Result "0-1"]
[WhiteElo "2413"]
[BlackElo "2762"]
[TimeControl "180+2"]
[EndTime "13:10:37 PDT"]
[Termination "petrpalachev won by resignation"]

1. d4 Nf6 2. c4 e6 3. g3 d5 4. Nf3 Bb4+ 5. Bd2 Be7 6. Bg2 O-O 7. O-O Nbd7 8. Qc2 c6 9. b3 a5 10. Nc3 b6 11. e4 Ba6 12. e5 Ne8 13. Nd1 Rc8 14.
Ne3 c5 15. dxc5 dxc4 16. Nxc4 Nxc5 17. Rfd1 Qc7 18. Ng5 g6 19. h4 Ng7 20. Bf4 Bxc4 21.
Qxc4 Rfd8 22. Qe2 Rxd1+ 23. Rxd1 Rd8 24. Qf3 Rxd1+ 25. Qxd1 Nf5 26. h5 Qd8 27. Qxd8+ Bxd8 28. hxg6 hxg6 29. Ne4 Nd3 30. Kf1 Nxf4 31. gxf4 b5 32. Ke2 b4 33. Kd3 Bb6 34. Bh3 Nd4 35. Nf6+ Kg7 36. Nd7 Ba7 37. Bg2 Nb5 38. Bc6 Nc3 39. a3 Bxf2 40. axb4 axb4 41. Kc4 Na2 42. Nc5 Be3 43.
Nd3 Bd2 44. Be4 Nc3 45. Bc6 Ne2 46. Nxb4 Nxf4 47. Nd3 g5 48. Nxf4 Bxf4 49. Kd4 Bd2 50. Kc4 Kg6 51. b4 Kf5 52. Be8 g4 53. b5 g3 54. Bc6 Be3 55. Kd3 Bb6 56. Ke2 Kxe5 57. Kf3 Bf2 58. Be8 f5 59. b6 Bxb6 60. Kxg3 Kf6 61. Bd7 e5 62. Kf3 e4+ 63. Ke2 f4 64. Bh3 f3+ 65. Ke1 e3 66. Bg4 Ba5+ 67. Kf1 e2+ 68. Kf2 e1=Q+ 0-1

[Event "*** Titled Tuesday Blitz"]
[Site "Chess.com"]
[Date "2018.10.02"]
[Round "1"]
[White "evgenysharapov"]
[Black "David_Paravyan"]
[Result "0-1"]
[WhiteElo "2450"]
[BlackElo "2827"]
[TimeControl "180+2"]
[EndTime "13:10:48 PDT"]
[Termination "David_Paravyan won by resignation"]

1. e4 e5 2. Nf3 Nc6 3. Bb5 g6 4. O-O Bg7 5. c3 Nge7 6. d4 exd4 7. cxd4 a6 8. Ba4 b5 9. Bb3 Na5 10. Bc2 d6 11. Nc3 O-O 12. h3 Bb7 13. Re1 c5 14. d5 Nc4 15. Rb1 h6 16. Bd3 Nb6 17. Bf4 g5 18.
Bg3 Ng6 19. Qd2 Re8 20. Rbd1 Qc7 21. h4 g4 22. Nh2 Bc8 23. h5 Ne5 24. Bf1 b4 25.
Ne2 Nec4 26. Qc2 Nxb2 27. Rb1 N2c4 28. Rb3 Bd7 29. Nc1 Ne5 30. Rxb4 Reb8 31. Be2 Qc8 32. Rb1 Na4 33. Nd3 Nxd3 34. Bxd3 Qc7 35. Be2 Nc3 36. Rxb8+ Rxb8 37. Bxg4 Ba4 38. Qd2 Nb1 39. Qd3 c4 40. Qe3 c3 41. Bf4 c2 42. Bxh6 Qc3 43.
Qxc3 Nxc3 44. Bc1 Rb1 45. Nf3 Nxa2 46. Bd2 Rxe1+ 47. Nxe1 Bc3 48. Nxc2 Bxd2 49. Nd4 Nc3 50. Bf5 Bf4 51. g3 Be5 52. Nc6 Bxc6 53. dxc6 Nb5 54. f4 Bd4+ 55. Kf1 a5 56. Ke2 a4 57. e5 dxe5 58.
Bd3 Na7 59. c7 a3 60. Bc4 exf4 61. g4 Bb6 62. g5 Kf8 63. h6 Bxc7 64. g6 fxg6 0-1

[Event "*** Titled Tuesday Blitz"]
[Site "Chess.com"]
[Date "2018.10.02"]
[Round "1"]
[White "Jospem"]
[Black "MaestroASK"]
[Result "1-0"]
[WhiteElo "2737"]
[BlackElo "2401"]
[TimeControl "180+2"]
[EndTime "13:11:02 PDT"]
[Termination "Jospem won by resignation"]

1. e4 d6 2. d4 g6 3. Nc3 c6 4. f4 d5 5. e5 h5 6. Nf3 Nh6 7. Be3 Bg4 8. h3 Nf5 9. Bf2 Bxf3 10.
Qxf3 h4 11. Bd3 e6 12. O-O Nd7 13. Ne2 Be7 14. Rfd1 a5 15. a4 Kf8 16. b3 Kg7 17. c4 Qb6 18. Rab1 Rac8 19. Kh2 Qd8 20. Ng1 Nb6 21.
Ne2 Ra8 22. Ra1 Rc8 23. Ng1 Ra8 24. Qe2 Rh6 25. Nf3 Rh8 26. Rac1 Rh6 27. Qa2 Rh8 28. Rb1 Rh6 29. Qc2 Rh8 30. Rdc1 Rh6 31. Bf1 Rh8 32. Qa2 Rh6 33. Rd1 Rh8 34. Rb2 Rh6 35. Qb1 Rh8 36. Bd3 dxc4 37. Bxc4 Nd5 38. Bxd5 Qxd5 39. Rc2 Rad8 40.
Qc1 Bb4 41. Rc4 Rh5 42. Be1 Bxe1 43. Rxe1 Qd7 44. Qc3 Ra8 45. Rc5 Qd8 46. Rd1 Ne7 47. Qd2 Nd5 48. Rcc1 Rf5 49. Rc5 Nxf4 50. Rf1 Nd5 51.
Qe1 Rf4 52. Qd2 g5 53. Rf2 Kh6 54. Rc1 Qe7 55. Rc5 Qd8 56. Rc1 Ne7 57. Nxg5 Rxf2 58.
Nxf7+ Kg7 59. Qxf2 Qf8 60. Rf1 Nf5 61. Ng5 Qe7 62.
Nxe6+ Qxe6 63. Qxf5 Qxf5 64. Rxf5 b5 65. Rf4 bxa4 66. bxa4 Rb8 67. e6 Re8 68. Rxh4 Rxe6 69. Rh5 Rd6 70. Rxa5 Rxd4 71. Rc5 Rxa4 72. Rxc6 Ra3 73.
h4 Rb3 74. g3 Ra3 75. Kh3 Ra4 76.
h5 Rb4 77. g4 Ra4 78. Kh4 Ra5 79. Rc7+ Kg8 80. h6 Rb5 81. g5 Rb4+ 82. Kh5 Rb5 83. Rc6 Rb7 84. Rc8+ Kf7 85. h7 1-0

[Event "*** Titled Tuesday Blitz"]
[Site "Chess.com"]
[Date "2018.10.02"]
[Round "1"]
[White "RitvarsReimanis"]
[Black "ruvat"]
[Result "1-0"]
[WhiteElo "2613"]
[BlackElo "2299"]
[TimeControl "180+2"]
[EndTime "13:11:04 PDT"]
[Termination "RitvarsReimanis won on time"]

1. d4 d6 2. e4 Nf6 3. f3 g6 4.
c4 Bg7 5. Ne2 O-O 6. Nec3 c6 7.
Be3 e5 8. d5 Nh5 9. dxc6 bxc6 10. c5 dxc5 11. Qxd8 Rxd8 12. Nd2 Nf4 13. g3 Nd3+ 14.
Bxd3 Rxd3 15. Ke2 Ba6 16. Kf2 Nd7 17. Rhd1 Rd8 18. Nb3 Bf8 19. Rxd3 Bxd3 20. Rd1 c4 21. Na5 Nc5 22. Nxc4 Rb8 23. Nxe5 Rxb2+ 24. Rd2 Rxd2+ 25. Bxd2 Bb5 26. Ke3 Bg7 27. f4 Bxe5 28. fxe5 Na4 29. Nd1 Nb6 30. Kd4 Bc4 31. Nc3 Be6 32. Bh6 Nd7 33. Bf4 Kg7 34. h4 h6 35. a3 a6 36. Na4 c5+ 37. Kc3 h5 38. Be3 Kf8 39. Bxc5+ Ke8 40. Bd6 Kd8 41. Kb4 Kc8 42. Ka5 Kb7 43.
Nc3 Bc4 44. Kb4 Bd3 45. Kb3 Kc6 46. Kb2 Nc5 47. Nd5 Bxe4 48. Nb4+ Kb5 49. Kc3 Na4+ 50. Kd4 Bf5 51. Nd5 Be6 52. Nc7+ Kb6 53. Ne8 Kc6 54. Nc7 a5 55. Ne8 Nb6 56. Nf6 Nd7 57. Ne4 Nb6 58. Be7 Nd7 59. Bd8 Kb5 60. Nc3+ Ka6 61. Bc7 Bf5 62. Bd8 Be6 63. Nd5 Kb5 64.
Nc3+ Ka6 65. Ne4 Kb5 66. Be7 Ka6 67. Nd2 Kb5 68. Ne4 Ka6 69. Nc3 Kb6 70. Bd8+ Ka6 71. Bc7 Bf5 72. Kd5 Be6+ 73. Kd6 1-0

[Event "*** Titled Tuesday Blitz"]
[Site "Chess.com"]
[Date "2018.10.02"]
[Round "1"]
[White "Mr_Penings"]
[Black "aquaticpineapples"]
[Result "1-0"]
[WhiteElo "2518"]
[BlackElo "2023"]
[TimeControl "180+2"]
[EndTime "13:11:11 PDT"]
[Termination "Mr_Penings won by resignation"]

1. c4 e6 2. g3 d5 3. Bg2 Nf6 4.
Nf3 Be7 5. O-O O-O 6. b3 b6 7.
Bb2 Bb7 8. e3 Nbd7 9. Nc3 a6 10.
Qe2 c5 11. Rfd1 Qc7 12. Rac1 Rac8 13. cxd5 exd5 14. d4 Qb8 15. dxc5 bxc5 16. Na4 Rfd8 17. Nh4 Qa7 18. Nf5 Bf8 19. g4 Ne4 20. Ba1 g6 21. Qb2 f6 22. Nh4 Ne5 23. f3 Nd6 24. Qe2 Ndf7 25. f4 Nc6 26. Rxd5 Nd4 27. Rxd4 cxd4 28. Bxd4 Qb8 29. Bxf6 Rc2 30. Qxc2 Rc8 31. Qd2 Bxg2 32. Kxg2 Qb7+ 33. Nf3 Re8 34. Nc5 Qc6 35. Nd3 Qxf6 36. Nde5 Bg7 37. Rc6 Qe7 38. Nxf7 Qxf7 39. Qd3 Qb7 40. Qd5+ Kh8 41. Ng5 Rf8 42. Kg3 Qa7 43. Kf2 Rxf4+ 44. Nf3 Rf8 45. Qd6 Qf7 46. Qg3 Kg8 47. Kg2 Be5 48. Qh3 Qd5 49. Rc2 Qe4 50. Re2 Qd3 51. Rf2 Qxe3 52. g5 Bd4 53. Rf1 Qe2+ 54. Kh1 Qe4 55. Qg2 Rf4 56. h3 Bb6 57.
Kh2 Bc7 58. Kh1 Bb6 59. a4 Qe3 60. Kh2 Qxb3 61. Qe2 Qxa4 62. Qe6+ Kg7 63. Qxb6 Qc2+ 64. Rf2 Qf5 65. Qc7+ Kg8 66. Qd8+ Kg7 67. Qe7+ Kg8 68. Rd2 Qf8 69. Rd8 Rxf3 70. Rxf8+ Rxf8 71. Qe6+ Kg7 72. Qxa6 Rf7 73. Qe6 Rf8 74. Kg3 Rf7 75. Kg4 Rf8 76. Qe7+ Rf7 77. Qe5+ Kg8 78. h4 Rf8 79. h5 gxh5+ 80.
Kxh5 Rf7 81. Kh6 Kf8 82. Qd6+ Kg8 83. Qe6 Kf8 84. Qxf7+ Kxf7 85. Kxh7 1-0